 Dungeon Crawl Stone Soup version 0.31.0-2-g5a2aebc5c2 (webtiles) character file.

Game seed: 10583059021550611092

29 Arctor the Vexing (level 3, -3/21 HPs)
             Began as a Kobold Hexslinger on Jan 20, 2024.
             Slain by a gnoll
             ... wielding a +0 whip
              (10 damage)
             ... on level 1 of the Dungeon.
             The game lasted 00:00:33 (1084 turns).

Arctor the Vexing (Kobold Hexslinger)               Turns: 1084, Time: 00:00:34

Health: -3/21      AC:  2    Str:  5    XL:     3   Next: 32%
Magic:  5/5        EV: 15    Int: 14    God:
Gold:   55         SH:  0    Dex: 19    Spells: 2/4 levels left

rFire   . . .        a - +1 sling
rCold   . . .        (no shield)
rNeg    . . .        c - +0 robe
rPois   .            (no helmet)
rElec   .            (no cloak)
rCorr   .            (no gloves)
SInv    .            (no boots)
Will    .....        (no amulet)
Stlth   +++          (no ring)
HPRegen 0.23/turn    (no ring)
MPRegen 0.09/turn

%: no passive effects
@: no status effects
A: small, no large weapons, nightstalker 3
a: no special abilities


You were on level 1 of the Dungeon.
You visited 1 branch of the dungeon, and saw 2 of its levels.

You collected 55 gold pieces.

Inventory:

Hand Weapons
 a - a +1 sling (weapon)
Armour
 c - a +0 robe (worn)
Scrolls
 b - a scroll of poison
 d - a scroll of butterflies {unknown}
 f - a scroll of identify {unknown}
 g - a scroll of teleportation {unknown}
Potions
 e - 3 potions of enlightenment {unknown}
 h - a potion of lignification {unknown}


   Skills:
 + Level 1.7 Fighting
 + Level 3.1 Ranged Weapons
 + Level 2.7 Dodging
 + Level 1.4 Spellcasting
 + Level 3.2 Hexes
 + Level 1.4 Fire Magic


You had 2 spell levels left.
You knew the following spells:

 Your Spells              Type           Power      Damage    Failure   Level
a - Jinxbite              Hex            20%        N/A       10%         2

Your spell library contained the following spells:

 Spells                   Type           Power      Damage    Failure   Level
 Call Imp                 Summ           2%         N/A       36%         2
 Sublimation of Blood     Necr           1%         N/A       36%         2
 Sigil of Binding         Hex            10%        N/A       21%         3
 Inner Flame              Hex/Fire       7%         N/A       28%         3
 Cause Fear               Hex            5%         N/A       54%         4
 Dimensional Bullseye     Hex/Tloc       2%         N/A       78%         4
 Irradiate                Conj/Alch      0%         3d11      100%        5
 Summon Hydra             Summ           0%         N/A       100%        7
 Ignition                 Fire           2%         3d3       100%        8


Dungeon Overview and Level Annotations

Branches:
Dungeon (2/15)

Altars:

Shops:
D:1 :


Innate Abilities, Weirdness & Mutations

You are small and have problems with some larger weapons.
You are completely attuned to the shadows.


Message History

The gnoll hits you from afar with a +0 spear.
You shoot a sling bullet. The sling bullet hits the gnoll.
The gnoll is moderately wounded.
The gnoll hits you from afar with a +0 spear.
You shoot a sling bullet. The sling bullet hits the gnoll.
The gnoll is moderately wounded.
The gnoll closely misses you. The gnoll barely misses you.
The gnoll closely misses you.
The gnoll hits you from afar with a +0 spear.
The gnoll closely misses you.
You are too injured to fight recklessly!
You are too injured to fight recklessly!
You are too injured to fight recklessly!
You are too injured to fight recklessly!
You are too injured to fight recklessly!
You are too injured to fight recklessly!
You are too injured to fight recklessly!
You are too injured to fight recklessly!
You are too injured to fight recklessly!
You are too injured to fight recklessly!
You are too injured to fight recklessly!
Unknown command.
The gnoll attacks as it pursues you! The gnoll misses you.
A hobgoblin comes into view.
There is a stone staircase leading up here.
You climb upwards.
There is a stone staircase leading down here.
You start resting.
HP restored.
You climb downwards.
The gnoll hits you with a +0 whip. The gnoll closely misses you.
The gnoll hits you with a +0 whip!
There is a stone staircase leading up, spattered with blood here.
You are too injured to fight recklessly!
Unknown command.
The gnoll hits you but does no damage. The gnoll hits you with a +0 whip.
* * * LOW HITPOINT WARNING * * *
You climb upwards.
There is a stone staircase leading down here.
The gnoll hits you with a +0 whip!
You die...

#.#.###..##..######..#.########P
#.#.##.........................~
#.#.##.#.#...######..#.#########
#.#.##.#...............# #
#.#......#...###.....#.# #
#.###..................# #
#.###.#..##..#.#.###.### ##
##.##....###..#.#g# ### ##.
...............)@>####### ##..
####.....###.##..g......# #...
####.#...###.###..#####.# ##..
..................# #.# ##.
.#..#..#..#..#...## #.# ##
..#..#..#..#.....# #.# #######
...#..#..#..#....# #.# #...#..
.#..#..#..#..#...######.# #..[...
..#..#..#..#............###...#..


You could see 2 gnolls.

Vanquished Creatures
  3 bats (D:1)
  7 endoplasms (D:1)
  A giant cockroach (D:1)
  2 goblins (D:1)
  3 hobgoblins (D:1)
  3 quokkas (D:1)
  A frilled lizard (D:1)
  3 rats (D:1)
23 creatures vanquished.

Notes
Turn   | Place    | Note
-------+----------+-------------------------------------------
     0 | D:1      | Arctor the Kobold Hexslinger began the quest for the Orb.
     0 | D:1      | Reached XP level 1. HP: 12/12 MP: 2/2
    86 | D:1      | Reached XP level 2. HP: 14/16 MP: 3/3
    89 | D:1      | Learned a level 2 spell: Jinxbite
   304 | D:1      | Found Hoesti's Book Boutique.
   471 | D:1      | Reached XP level 3. HP: 19/20 MP: 5/5
  1084 | D:1      | Slain by a gnoll

Illustrated notes

Levels and vault maps discovered:
D:1:      minmay_arrival_nine_rooms, layout_loops_ring, serial_bayou,
          serial_bayou_shore_a, serial_bayou_crossing, serial_bayou_lagoon_a,
          serial_bayou_pond_c, serial_shops, nicolae_diamond_shop,
          chequers_serial_rivers_micro_e, wad_floor_pattern_untrapped,
          minmay_misc_feat_diagonals
D:2:      layout_loops_ring, uniq_terence

Skill      XL: |  1  2 |
---------------+-------+-----
Ranged Weapons | 3 |  3.1
Fighting       | |  1.7
Dodging        | |  2.7
Spellcasting   | |  1.4
Hexes          | |  3.2
Fire Magic     | |  1.4

Action                     || total
---------------------------++-------
   Fire: Sling             ||    61
 Armour: Robe              ||    21
  Dodge: Dodged            ||    26
